 Dungeon Crawl Stone Soup version 0.19.1 (webtiles) character file.

10570 Firecrotchwizard the Cleaver (level 11, 0/106 HPs)
             Began as a Hill Orc Fighter on Nov 27, 2016.
             Was an Elder of Beogh.
             Slain by a 16-headed hydra (5 damage)
             ... on level 1 of the Lair of Beasts.
             The game lasted 00:42:04 (11762 turns).

Firecrotchwizard the Cleaver (Hill Orc Fighter)    Turns: 11762, Time: 00:42:05

Health: 0/106      AC: 21    Str: 21    XL:     11   Next: 64%
Magic:  14/14      EV:  5    Int:  8    God:    Beogh [****..]
Gold:   404        SH: 14    Dex: 17    Spells: 0 memorised, 10 levels left

rFire  + . .     SeeInvis .     j - +3 war axe (distort)
rCold  + . .     Gourm    .     L - +1 plate armour {rC+}
rNeg   . . .     Faith    +     g - +2 shield
rPois  +         Spirit   .     J - +0 helmet
rElec  .         Reflect  .     r - +1 cloak
rCorr  .         Harm     .     R - +0 pair of gloves of Evolution {rPois} (curse)
MR     .....                    X - +0 pair of boots {Fly}
Stlth  ..........               N - amulet of faith
                                H - ring of protection from fire
                                U - +5 ring of dexterity

@: no status effects
A: no striking features
a: Smiting, Recall Orcish Followers, Renounce Religion, Evoke Flight


You were on level 1 of the Lair of Beasts.
You worshipped Beogh.
Beogh was greatly pleased with you.
You were not hungry.

You visited 3 branches of the dungeon, and saw 14 of its levels.

You collected 603 gold pieces.
You spent 199 gold pieces at shops.

Inventory:

Hand Weapons
 j - a +3 war axe of distortion (weapon)
 T - a cursed +4 battleaxe
Missiles
 u - 3 poisoned tomahawks
 y - 4 throwing nets (quivered)
Armour
 g - a +2 shield (worn)
 r - a +1 cloak (worn)
 J - a +0 helmet (worn)
 L - a +1 plate armour of cold resistance (worn)
 O - cursed quicksilver dragon scales
 R - the cursed +0 pair of gloves of Evolution (worn) {rPois}
   (You found it on level 8 of the Dungeon)

   It protects you from poison.
   It has a curse placed upon it.
 X - a +0 pair of boots of flying (worn)
Jewellery
 h - an uncursed ring of wizardry
 t - an uncursed amulet of rage
 z - an uncursed ring of ice
 H - a ring of protection from fire (right hand)
 N - an amulet of faith (around neck)
 U - a +5 ring of dexterity (left hand)
Wands
 n - a wand of digging (23/24)
 S - a wand of iceblast (11/15)
 V - a wand of lightning (6/15)
Scrolls
 a - a scroll of vulnerability {unknown}
 b - a scroll of brand weapon {unknown}
 c - a scroll of amnesia
 e - 2 scrolls of enchant armour
 i - 7 scrolls of identify
 v - 3 scrolls of teleportation
 w - 3 scrolls of recharging
 A - a scroll of remove curse
 G - 2 scrolls of blinking
 K - 3 scrolls of fear
Potions
 d - 2 potions of might
 k - 2 potions of invisibility
 l - 5 potions of lignification
 o - 5 potions of mutation {unknown}
 p - 5 potions of curing
 q - a potion of cancellation {unknown}
 s - 6 potions of agility
 x - 3 potions of heal wounds
 C - 3 potions of haste
 E - 2 potions of flight
 I - a potion of cure mutation
 Y - a potion of brilliance {unknown}
Books
 m - a Young Poisoner's Handbook

   Spells                             Type                      Level
   a - Sting                          Conjuration/Poison           1
   b - Mephitic Cloud                 Conjuration/Poison/Air       3
   c - Olgreb's Toxic Radiance        Poison                       4
   d - Alistair's Intoxication        Transmutation/Poison         5
   e - Venom Bolt                     Conjuration/Poison           5
 B - a book of Changes

   Spells                             Type                      Level
   a - Beastly Appendage              Transmutation                1
   b - Sticks to Snakes               Transmutation                2
   c - Spider Form                    Transmutation/Poison         3
   d - Ice Form                       Ice/Transmutation            4
   e - Blade Hands                    Transmutation                5
 D - a book of Minor Magic

   Spells                             Type                      Level
   a - Magic Dart                     Conjuration                  1
   b - Blink                          Translocation                2
   c - Call Imp                       Summoning                    2
   d - Repel Missiles                 Charms/Air                   2
   e - Slow                           Hexes                        2
   f - Conjure Flame                  Conjuration/Fire             3
   g - Mephitic Cloud                 Conjuration/Poison/Air       3
 F - the Collected Works on Toxic Self-Knowledge
   (You found it on level 5 of the Dungeon)

   Spells                             Type                      Level
   a - Repel Missiles                 Charms/Air                   2
   b - Ozocubu's Armour               Charms/Ice                   3
   c - Spider Form                    Transmutation/Poison         3
   d - Excruciating Wounds            Charms/Necromancy            5
   e - Ring of Flames                 Charms/Fire                  7
 P - a book of Cantrips

   Spells                             Type                      Level
   a - Confusing Touch                Hexes                        1
   b - Animate Skeleton               Necromancy                   1
   c - Summon Small Mammal            Summoning                    1
   d - Apportation                    Translocation                1
Comestibles
 f - 6 bread rations
 Z - 9 royal jellies


   Skills:
 * Level 12.8 Fighting
 * Level 13.0 Axes
 + Level 8.6 Armour
 + Level 8.4 Shields
 + Level 4.0 Invocations


You had 10 spell levels left.
You didn't know any spells.

Dungeon Overview and Level Annotations

Branches:
Dungeon (12/15)            Temple (1/1) D:4            Lair (1/6) D:11
    Orc (0/2) D:9

Altars:
Ashenzari
Cheibriados
Dithmenos
Elyvilon
Fedhas
Gozag
Hepliaklqana
Kikubaaqudgha
Makhleb
Nemelex Xobeh
Okawaru
Qazlal
Ru
Sif Muna
Trog
Uskayaw
Vehumet
Xom
Yredelemnul
Zin
The Shining One

Shops:
D:4 (   D:9 [

Portals:
Trove: D:10 (give 4 potions of resistance)


Message History

You chop one of the 15-headed hydra's heads off!
The 14-headed hydra grows two more!
You slash the 16-headed hydra!
Space bends around the 16-headed hydra.
The 16-headed hydra is severely wounded.
Unknown command.
Your shield and plate armour prevent you from hitting the 16-headed hydra.
The 16-headed hydra is severely wounded.
You block the 16-headed hydra's attack.
The 16-headed hydra bites you but does no damage.
The 16-headed hydra bites you!
* * * LOW HITPOINT WARNING * * *
The 16-headed hydra bites you!
* * * LOW HITPOINT WARNING * * *
The 16-headed hydra bites you but does no damage.
The 16-headed hydra bites you.
* * * LOW HITPOINT WARNING * * *
You block the 16-headed hydra's attack.
The 16-headed hydra bites you but does no damage.
The 16-headed hydra bites you.
You die...

...### #...≈≈≈≈≈≈≈≈≈.....
.....# #....≈≈.≈≈≈≈≈.....
....####....≈.<.≈≈.......
....##...........≈.......
....##.....##...#........
.......#....#............
..#...#....##......P.....
...#..#######....D.#.#...
#....P####......@........
.............#.......####
#.#.........##.......#
###....#.#...........#
###...###.#....?....#
###.# #..#...P###)..
#......#...## ###
###........# #....##.##


You could see a 16-headed hydra.

Vanquished Creatures
  The ghost of caec the Spear-Bearer, a novice MfGl of Uskayaw (D:9)
  2 unseen horrors (D:11)
  A hill giant (D:11)
  A cyclops (D:11)
  A spiny frog (Lair:1)
  Grinder (D:5)
  A slime creature (D:11)
  A wyvern (D:10)
  4 yaks (D:11)
  A hungry ghost (D:7)
  The ghost of caec the Poker, an amateur MfGl (D:4)
  A mottled dragon (D:11)
  A water moccasin (D:9)
  Purgy (D:3)
  4 orc warriors
  4 sky beasts
  A black bear (D:7)
  2 phantoms
  An ice beast (D:5)
  5 ogres
  6 centaurs
  2 big kobolds
  A gnoll sergeant (D:8)
  5 bullfrogs
  8 scorpions
  10 killer bees
  8 wights (D:9)
  3 howler monkeys
  2 crimson imps
  A bullfrog zombie (D:5)
  2 quasits
  5 hounds
  6 orc priests
  3 jellies (D:11)
  A bullfrog skeleton (D:5)
  Ijyb (D:3)
  4 iguanas
  15 orc wizards
  8 worker ants
  A hound skeleton (D:7)
  A howler monkey zombie (D:5)
  2 worker ant zombies
  13 gnolls
  A howler monkey skeleton (D:7)
  11 adders
  2 shadow imps
  5 oozes
  2 adder skeletons (D:4)
  3 worms
  5 dart slugs
  6 leopard geckos
  40 orcs
  8 bats
  3 giant cockroaches
  7 goblins
  11 hobgoblins
  14 jackals
  18 kobolds
  4 quokkas
  2 ball pythons
  3 frilled lizards
  A leopard gecko skeleton (D:10)
  A quokka skeleton (D:7)
  3 rats
  2 rat zombies (D:7)
  A spectral orc (D:2)
296 creatures vanquished.

Vanquished Creatures (others)
  A basilisk (Lair:1)
  A hungry ghost (D:8)
  A mottled dragon (D:12)
  2 orc warriors
  A sky beast (D:7)
  A necrophage (D:5)
  A scorpion (D:6)
  A killer bee (D:12)
  A howler monkey (D:9)
  An orc priest (D:9)
  2 orc wizards
  A gnoll (D:8)
  An ooze (D:11)
  6 orcs
  2 plants (D:10)
23 creatures vanquished.

Grand Total: 319 creatures vanquished

Notes
Turn   | Place    | Note
-------+----------+-------------------------------------------
     0 | D:1      | Firecrotchwizard the Hill Orc Fighter began the quest for the Orb.
     0 | D:1      | Reached XP level 1. HP: 19/19 MP: 1/1
   288 | D:1      | Reached skill level 3 in Axes
   288 | D:1      | Reached XP level 2. HP: 26/27 MP: 2/2
   517 | D:1      | Reached XP level 3. HP: 25/33 MP: 3/3
   970 | D:2      | Found a hazy altar of Hepliaklqana.
  1191 | D:2      | Reached XP level 4. HP: 41/41 MP: 4/4
  1294 | D:2      | Found a basalt altar of Yredelemnul.
  1429 | D:2      | Reached skill level 4 in Axes
  1894 | D:3      | Noticed Ijyb
  1912 | D:3      | Killed Ijyb
  1923 | D:3      | Reached XP level 5. HP: 42/47 MP: 5/5
  2027 | D:3      | Noticed Purgy
  2060 | D:3      | Killed Purgy
  2060 | D:3      | Reached skill level 5 in Fighting
  2060 | D:3      | Reached XP level 6. HP: 40/56 MP: 6/6
  2327 | D:3      | Reached skill level 5 in Axes
  2530 | D:4      | Found a staircase to the Ecumenical Temple.
  2556 | Temple   | Entered the Ecumenical Temple
  2884 | D:4      | Noticed caec's ghost (amateur MfGl)
  2894 | D:4      | Killed caec's ghost
  2894 | D:4      | Reached XP level 7. HP: 54/63 MP: 7/7
  3109 | D:4      | Found a shadowy altar of Dithmenos.
  3163 | D:4      | Reached skill level 6 in Axes
  3163 | D:4      | Reached skill level 5 in Armour
  3493 | D:4      | Found Jemeymon's Antique Weapon Boutique.
  3742 | D:4      | Found a deep blue altar of Sif Muna.
  3898 | D:4      | Bought a glowing war axe for 199 gold pieces
  3943 | D:5      | Entered Level 5 of the Dungeon
  4024 | D:5      | Reached XP level 8. HP: 58/73 MP: 8/8
  4039 | D:5      | Reached skill level 5 in Shields
  4048 | D:5      | Reached skill level 7 in Axes
  4112 | D:5      | Found a sacrificial altar of Ru.
  4533 | D:5      | Noticed Grinder
  4533 | D:5      | Paralysed by Grinder for 2 turns
  4542 | D:5      | Killed Grinder
  4542 | D:5      | Reached skill level 8 in Axes
  5055 | D:5      | Reached XP level 9. HP: 74/82 MP: 9/9
  5058 | D:5      | Identified the Collected Works on Toxic Self-Knowledge
  5314 | D:6      | Found a radiant altar of Vehumet.
  5545 | D:6      | Reached skill level 9 in Axes
  5786 | D:6      | Became a worshipper of Beogh the Brigand
  6650 | D:7      | Reached * piety under Beogh
  6655 | D:7      | Reached skill level 10 in Fighting
  6739 | D:7      | Reached skill level 10 in Axes
  6859 | D:7      | Found a white marble altar of Elyvilon.
  7317 | D:7      | Found an ancient bone altar of Kikubaaqudgha.
  7397 | D:8      | Reached XP level 10. HP: 94/94 MP: 10/10
  7557 | D:8      | Got a pair of scorched gloves
  7568 | D:8      | Identified the cursed +0 pair of gloves of Evolution {rPois} (You found it on level 8 of the Dungeon)
  8094 | D:8      | Reached ** piety under Beogh
  8123 | D:8      | Found a bloodstained altar of Trog.
  8124 | D:8      | Found a glowing golden altar of the Shining One.
  8192 | D:8      | Found an iron altar of Okawaru.
  8452 | D:9      | Reached skill level 11 in Axes
  8477 | D:9      | Noticed caec's ghost (novice MfGl)
  8486 | D:9      | Killed caec's ghost
  8558 | D:9      | Found a staircase to the Orcish Mines.
  8560 | D:9      | Found Obideil's Armour Shop.
  8620 | D:9      | Found a stormy altar of Qazlal.
  9158 | D:9      | Reached skill level 1 in Invocations
  9262 | D:10     | Entered Level 10 of the Dungeon
  9369 | D:10     | Reached *** piety under Beogh
  9524 | D:10     | Reached skill level 12 in Axes
  9683 | D:10     | Found a portal to a secret trove of treasure.
  9729 | D:10     | Found a blossoming altar of Fedhas.
  9899 | D:10     | Reached XP level 11. HP: 104/104 MP: 12/12
 10094 | D:11     | Noticed a cyclops
 10106 | D:11     | Killed a cyclops
 10241 | D:11     | Noticed a hill giant
 10256 | D:11     | Killed a hill giant
 10306 | D:11     | Reached **** piety under Beogh
 10414 | D:11     | Noticed a hill giant
 10604 | D:11     | Found a staircase to the Lair.
 10644 | D:11     | Killed an unseen horror
 10782 | D:11     | Killed an unseen horror
 10992 | D:12     | Noticed a seven-headed hydra
 11325 | D:12     | Noticed a skeletal warrior
 11326 | D:12     | Noticed a skeletal warrior
 11493 | Lair:1   | Entered Level 1 of the Lair of Beasts
 11507 | Lair:1   | Noticed a four-headed hydra
 11640 | Lair:1   | Reached skill level 13 in Axes
 11762 | Lair:1   | HP: 5/106 [16-headed hydra (3)]
 11762 | Lair:1   | Slain by a 16-headed hydra

Skill      XL: |  1  2  3  4  5  6  7  8  9 10 11 |
---------------+----------------------------------+-----
Axes           | 3 4 5 6 8 10 12 13 | 13.0
Fighting       | 4 5 6 7 8 10 11 12 | 12.8
Armour         | 4 5 6 7 8 |  8.6
Shields        | 4 5 6 7 8 |  8.4
Invocations    | 1 4 |  4.0

Action                   |  1- 3 |  4- 6 |  7- 9 | 10-12 || total
-------------------------+-------+-------+-------+-------++-------
Melee: War axe           |   109 |   211 |   376 |   389 ||  1085
Throw: Throwing net      |       |     2 |       |       ||     2
Invok: Convert to Beogh  |       |       |     1 |       ||     1
       Smiting           |       |       |       |     1 ||     1
 Abil: Stop Flying       |       |       |       |     1 ||     1
  Use: Potion            |       |     1 |       |     1 ||     2
       Scroll            |       |       |    12 |    10 ||    22
 Stab: Distracted        |       |       |       |     1 ||     1
  Eat: Chunk             |     1 |     3 |     7 |     4 ||    15
       Beef jerky        |       |     1 |       |     1 ||     2
       Pizza             |       |     1 |     2 |     1 ||     4
       Fruit             |       |       |     6 |       ||     6
       Meat ration       |       |       |     1 |       ||     1
       Bread ration      |       |       |       |     1 ||     1
       Royal jelly       |       |       |       |     1 ||     1
Armor: Scale mail        |    49 |       |       |       ||    49
       Ring mail         |       |    29 |       |       ||    29
       Plate armour      |       |   147 |   181 |   194 ||   522
Dodge: Dodged            |    33 |    44 |    41 |    60 ||   178
Block: Shield            |    81 |   163 |   158 |   251 ||   653
